 Dungeon Crawl Stone Soup version 0.26-a0-812-g31a745ddcd (webtiles) character file.

Game seed: 17597996166285565135

51 Lanoc the Firebug (level 3, 0/19 HPs)
             Began as a Tengu Fire Elementalist on Nov 26, 2020.
             Killed by divine providence
             ... invoked by an orc priest
              (11 damage)
             ... on level 3 of the Dungeon.
             The game lasted 00:01:38 (1504 turns).

Lanoc the Firebug (Tengu Fire Elementalist)         Turns: 1504, Time: 00:01:39

Health: 0/19       AC:  2    Str:  8    XL:     3   Next: 83%
Magic:  4/7        EV: 13    Int: 16    God:
Gold:   48         SH:  0    Dex: 14    Spells: 5/6 levels left

rFire    . . .     SeeInvis .   (no weapon)
rCold    . . .     Faith    +   (no shield)
rNeg     . . .     Spirit   .   a - +0 robe
rPois    .         Reflect  .   (helmet restricted)
rElec    .         Harm     .   (no cloak)
rCorr    .         Rampage  .   (no gloves)
MR       .....                  (boots unavailable)
Stlth    ++........             g - amulet of faith
HPRegen  0.06/turn              (no ring)
MPRegen  0.10/turn              (no ring)

@: no status effects
A: beak, talons 3
a: no special abilities


You were on level 3 of the Dungeon.
You visited 1 branch of the dungeon, and saw 3 of its levels.

You collected 48 gold pieces.

Inventory:

Armour
 a - a +0 robe (worn)
Jewellery
 g - an amulet of faith (around neck)
Wands
 i - a wand of enslavement (8)
Scrolls
 b - 2 scrolls of enchant armour {unknown}
 c - a scroll of enchant weapon {unknown}
 f - a scroll of identify {unknown}
 h - a scroll of random uselessness {unknown}
 o - a scroll of magic mapping {unknown}
Potions
 d - a potion of curing {unknown}
 e - a potion of attraction {unknown}
 j - a potion of heal wounds {unknown}
 k - a potion of mutation {unknown}
 l - a potion of brilliance {unknown}
 m - a potion of magic {unknown}
 n - a potion of haste {unknown}


   Skills:
 + Level 2.9 Dodging
 - Level 2.0 Stealth
 - Level 2.0 Spellcasting
 * Level 3.4 Conjurations
 + Level 3.8 Fire Magic


You had 5 spell levels left.
You knew the following spells:

 Your Spells              Type           Power        Failure   Level
a - Foxfire               Conj/Fire      ##..         4%          1

Your spell library contained the following spells:

 Spells                   Type           Power        Failure   Level
 Conjure Flame            Conj/Fire      ##......     14%         3
 Inner Flame              Hex/Fire       #.......     28%         3
 Sticky Flame             Conj/Fire      ##......     43%         4
 Fireball                 Conj/Fire      ##........   78%         5


Dungeon Overview and Level Annotations

Branches:
Dungeon (3/15)

Altars:
Dithmenos


Innate Abilities, Weirdness & Mutations

You have a beak for a mouth.
You have claws for feet.


Message History

You conjure some foxfire!
The adder hisses angrily.
The jackal barks!
An orc comes into view. It is wielding a -1 club.
The orc priest invokes the aid of Beogh against you.
Beogh smites you!
A jackal comes into view.
Casting: Foxfire (safe; 4% risk of failure)
Confirm with . or Enter, or press ? or * to list all spells.
You conjure some foxfire!
An orc comes into view. It is wielding a +0 hand axe.
The foxfire hits the orc priest but does no damage. x2
You hear a shout!
Casting: Foxfire (safe; 4% risk of failure)
Confirm with . or Enter, or press ? or * to list all spells.
You conjure some foxfire!
The foxfire hits the orc priest.
The orc priest is lightly wounded.
The orc priest mumbles some strange prayers to Beogh against you.
Beogh smites you!
Ouch! That really hurt!
You die...

#.#.# #.........#. #.#.#
##.#....#.#.
.######...####.#....#.#.
...............#....#.#.
.......#..#....##.#.#.#.
........#.#.##.##.#.####
..hh....#.......#.#.##≈≈
......v.........#.#.##≈.
...h.§§@##..#...# #≈.
....§.§vv.g.....# #≈.
.....§.§###.##..# #≈.
......§## ... ..# #≈.
#.###o# ..##.## #≈≈ . .o
.# ####


So. #... .... ...#.. #..#. You could see an orc priest, an adder, 2 orcs, 3
jackals and a hobgoblin.

Vanquished Creatures
  An ooze (D:1)
  A worm (D:2)
  4 leopard geckos
  6 orcs
  A ball python (D:2)
  2 giant cockroaches
  4 goblins
  3 hobgoblins
  2 kobolds (D:1)
  A quokka (D:2)
  A bat (D:2)
  3 frilled lizards
  2 rats
31 creatures vanquished.

Vanquished Creatures (others)
  131 foxfires
131 creatures vanquished.

Grand Total: 162 creatures vanquished

Notes
Turn   | Place    | Note
-------+----------+-------------------------------------------
     0 | D:1      | Lanoc the Tengu Fire Elementalist began the quest for the
                  | Orb.
     0 | D:1      | Reached XP level 1. HP: 10/10 MP: 4/4
   111 | D:1      | Reached XP level 2. HP: 15/15 MP: 0/6
   800 | D:2      | Found a shadowy altar of Dithmenos.
   928 | D:2      | Reached XP level 3. HP: 19/19 MP: 2/7
  1504 | D:3      | Killed from afar by an orc priest

Illustrated notes

Levels and vault maps discovered:
D:1:      dpeg_arrival_pond, layout_loops_corners
D:2:      layout_rooms, serial_park_tiny_1, grunt_dithmenos_smoke_and_mirrors
D:3:      layout_basic, grunt_temple_overflow_lords_of_destruction,
          lemuel_doored_altar, minivault_26, minmay_crystal_room, dk_vineyard_1,
          st_stairs_14, uniq_sigmund

Skill      XL: |  1  2  3 |
---------------+----------+-----
Conjurations   | 2 3 |  3.4
Dodging        | |  2.9
Stealth        | |  2.0
Spellcasting   | |  2.0
Fire Magic     | |  3.8

Action                   || total
-------------------------++-------
Melee: Unarmed           ||     3
 Cast: Foxfire           ||    82
Armor: Robe              ||     4
Dodge: Dodged            ||    14

Table legend: (Time is in decaauts)
 A = Elapsed time spent in this place.
 B = Non-inter-level travel time spent in this place.
 C = Inter-level travel time spent in this place.
 D = Time resting spent in this place.
 E = Time spent auto-exploring this place.
 F = Levels seen in this place.
 G = Mean time per level.
                   A        B        C        D        E       F      G
               +--------+--------+--------+--------+--------+-----+--------+
         Total |   1504 |   1504 |      0 |      0 |   1302 |   3 |  501.3 |
       Dungeon |   1504 |   1504 |      0 |      0 |   1302 |   3 |  501.3 |
               +--------+--------+--------+--------+--------+-----+--------+

Top non-repeatable levels by time:
     D:1: 747 daAuts
     D:2: 445 daAuts
     D:3: 311 daAuts
